Philadelphia Flyers vs Vegas Golden Knights
Created - Saturday, May 4, 2024 at 07:27
Goals
|
| Philadelphia Flyers |
0 |
0 |
1 |
1 |
| Vegas Golden Knights |
1 |
1 |
2 |
4 |
|
Shots
|
| Philadelphia Flyers |
19 |
12 |
5 |
36 |
| Vegas Golden Knights |
13 |
7 |
18 |
38 |
|
1st period
1. Vegas Golden Knights , Sean Monahan 20 (Joe Pavelski 36) at 19:18
Penalties :
No Penalty
2nd period
2. Vegas Golden Knights , Jordan Staal 6 (Tyler Bertuzzi 17, Reilly Smith 30) at 7:32
Penalties :
Tyler Bertuzzi (VGK) for Hooking (Minor) at 8:03, Maxime Comtois (VGK) for Roughing (Minor) at 14:36
3rd period
3. Vegas Golden Knights , Sean Couturier 10 (Nikolaj Ehlers 25, Marc-Edouard Vlasic 7) at 0:51
4. Philadelphia Flyers , Auston Matthews 25 (Matt Duchene 23) at 1:13
5. Vegas Golden Knights , Chris Kreider 33 (Joe Pavelski 37, Sean Monahan 24) at 6:48
Penalties :
Alex Chiasson (VGK) for Hooking (Minor) at 12:52, Travis Hamonic (VGK) for Hooking (Minor) at 13:33, Travis Hamonic (VGK) for Holding (Minor) at 19:17
Goalie Stats
Connor Ingram (PHI), 34 saves from 38 shots - (0.895), L, 19-16-6, 60:00 minutes
Alexandar Georgiev (VGK), 35 saves from 36 shots - (0.972), W, 26-14-3, 60:00 minutes
Players Stats for Philadelphia Flyers
Player Name G A P +/- PIM S H SB GA TA FO MP PP MP PK MP
------------------------------------------------------------------------------------
Artem Zub 0 0 0 -2 0 2 1 4 0 1 0/0 15:50 0:00 0:00
Auston Matthews 1 0 1 -1 0 3 1 0 1 0 16/26 19:08 4:11 0:00
Ben Chiarot 0 0 0 0 0 1 1 0 0 1 0/0 18:35 0:00 0:00
Bryan Rust 0 0 0 -1 0 3 1 0 1 0 0/0 11:46 0:00 0:00
Elias Lindholm 0 0 0 0 0 2 1 0 0 0 10/19 18:20 3:58 0:00
Erik Gustafsson 0 0 0 -2 0 1 1 0 0 1 0/0 18:16 2:16 0:00
Jesper Fast 0 0 0 -1 0 3 0 0 2 0 0/0 11:23 0:00 0:00
Justin Faulk 0 0 0 0 0 0 1 1 0 1 0/0 23:28 5:04 0:00
Marcus Johansson 0 0 0 -1 0 2 0 0 1 0 0/0 18:18 3:09 0:00
Matt Duchene 0 1 1 -1 0 2 1 1 1 0 2/2 18:55 3:58 0:00
Matt Roy 0 0 0 -1 0 1 0 4 0 0 0/0 20:42 2:16 0:00
Matthew Peca 0 0 0 -1 0 6 2 0 0 0 1/9 11:23 0:00 0:00
Max Pacioretty 0 0 0 -1 0 4 2 0 0 0 0/0 11:59 0:13 0:00
Oliver Ekman-Larsson 0 0 0 -1 0 1 1 2 0 1 0/0 23:09 5:04 0:00
Radek Faksa 0 0 0 -1 0 1 1 0 1 0 2/9 11:46 0:00 0:00
Sonny Milano 0 0 0 -1 0 0 1 0 1 0 1/1 11:36 0:13 0:00
Tyler Johnson 0 0 0 0 0 1 1 0 1 0 1/4 17:43 3:09 0:00
Vladimir Tarasenko 0 0 0 0 0 3 1 1 2 0 0/0 17:43 3:09 0:00
Players Stats for Vegas Golden Knights
Player Name G A P +/- PIM S H SB GA TA FO MP PP MP PK MP
------------------------------------------------------------------------------------
Alex Chiasson 0 0 0 0 2 1 0 0 1 0 0/1 8:34 0:00 0:14
Chris Kreider 1 0 1 1 0 4 0 0 2 0 2/3 17:15 0:00 0:00
Jack Roslovic 0 0 0 1 0 1 2 0 0 0 0/0 13:54 0:00 0:00
Joe Pavelski 0 2 2 1 0 2 0 1 1 0 1/1 17:15 0:00 0:00
John Marino 0 0 0 2 0 1 0 0 0 2 0/0 20:44 0:00 3:51
Jordan Staal 1 0 1 1 0 4 3 0 0 0 5/11 16:46 0:00 3:36
Marc Staal 0 0 0 2 0 1 2 0 0 2 0/0 19:52 0:00 3:29
Marc-Edouard Vlasic 0 1 1 1 0 2 1 2 0 0 0/0 17:09 0:00 2:46
Maxime Comtois 0 0 0 0 2 0 1 0 0 0 0/0 9:00 0:00 0:00
Nikolaj Ehlers 0 1 1 1 0 0 2 0 0 1 1/1 13:54 0:00 0:00
Reilly Smith 0 1 1 1 0 5 2 0 1 0 0/0 13:28 0:00 0:30
Roman Josi 0 0 0 0 0 0 1 0 0 2 0/0 21:36 0:00 0:12
Sean Couturier 1 0 1 1 0 2 1 0 0 0 5/14 17:26 0:00 3:32
Sean Monahan 1 1 2 1 0 5 1 1 0 0 17/32 20:04 0:00 2:49
Shea Theodore 0 0 0 0 0 5 0 0 0 2 0/0 22:40 0:00 0:54
Travis Hamonic 0 0 0 1 4 0 0 2 0 1 0/0 17:26 0:00 2:44
Trevor Lewis 0 0 0 0 0 1 0 0 0 0 6/7 11:57 0:00 3:24
Tyler Bertuzzi 0 1 1 1 2 4 0 1 0 1 0/0 12:17 0:00 0:00
3 Stars
1 - Alexandar Georgiev (VGK)
2 - Sean Monahan (VGK)
3 - Jordan Staal (VGK)
Power Play
Philadelphia Flyers - 0 on 5 Attempt(s) - 0.00%
Vegas Golden Knights - 0 on 0 Attempt(s) - 0.00%
Penalty Kill
Philadelphia Flyers - 0 on 0 Attempt(s) - 0.00%
- Score 0 goal in Penalty Kill
Vegas Golden Knights - 5 on 5 Attempt(s) - 100.00%
- Score 0 goal in Penalty Kill
Team Stat
Philadelphia Flyers - Hits : 17 - Faceoff Wins : 33 - Blocked Shots : 13 - Penalty Minutes : 0
Vegas Golden Knights - Hits : 16 - Faceoff Wins : 37 - Blocked Shots : 7 - Penalty Minutes : 10
Official
Referees : Marc Joannette and Brad Watson
Linesman : Unknown
Game Notes
No Game Note
Finance
Level 1 -- Attendance: 5767 (96.12%) -- Ticket Income $547,865
Level 2 -- Attendance: 5000 (100.00%) -- Ticket Income $275,000
Level 3 -- Attendance: 2781 (92.70%) -- Ticket Income $83,430
Level 4 -- Attendance: 5000 (100.00%) -- Ticket Income $100,000
Luxury Box -- Attendance: 902 (90.20%) -- Ticket Income $171,380
Game was played at the T-Mobile Arena.
Total Attendance: 19450 (97.25%)
Total Ticket Income: $1,177,675
Other Income: $412,186
Total Income: $1,589,861
Philadelphia Flyers
5 vs 5 Forward
Center Left Wing Right Wing Time % Phy DF OF
1 Auston Matthews Matt Duchene Marcus Johansson 30 1 1 3
2 Elias Lindholm Vladimir Tarasenko Tyler Johnson 30 1 1 3
3 Radek Faksa Bryan Rust Max Pacioretty 20 1 2 2
4 Matthew Peca Sonny Milano Jesper Fast 20 1 2 2
5 vs 5 Defense
Defense Defense Time % Phy DF OF
1 Justin Faulk Ben Chiarot 35 1 2 2
2 Oliver Ekman-Larsson Matt Roy 35 1 2 2
3 Erik Gustafsson Artem Zub 30 1 2 2
4 Justin Faulk Ben Chiarot 0 1 2 2
PowerPlay Forward
Center Left Wing Right Wing Time % Phy DF OF
1 Auston Matthews Elias Lindholm Matt Duchene 55 0 1 4
2 Tyler Johnson Vladimir Tarasenko Marcus Johansson 45 0 1 4
PowerPlay Defense
Defense Defense Time % Phy DF OF
1 Justin Faulk Oliver Ekman-Larsson 55 0 2 3
2 Erik Gustafsson Matt Roy 45 0 2 3
Penalty Kill 4 Players Forward
Center Wing Time % Phy DF OF
1 Radek Faksa Bryan Rust 50 0 4 1
2 Elias Lindholm Jesper Fast 50 0 4 1
Penalty Kill 4 Players Defense
Defense Defense Time % Phy DF OF
1 Ben Chiarot Artem Zub 50 0 5 0
2 Matt Roy Justin Faulk 50 0 5 0
Penalty Kill - 3 Players Forward
Forward Time % Phy DF OF
1 Radek Faksa 50 0 5 0
2 Elias Lindholm 50 0 5 0
Penalty Kill - 3 Players Defense
Defense Defense Time % Phy DF OF
1 Ben Chiarot Artem Zub 50 0 5 0
2 Matt Roy Justin Faulk 50 0 5 0
4 vs 4 Forward
Center Wing Time % Phy DF OF
1 Auston Matthews Vladimir Tarasenko 50 0 2 3
2 Elias Lindholm Matt Duchene 50 0 2 3
4 vs 4 Defense
Defense Defense Time % Phy DF OF
1 Justin Faulk Ben Chiarot 50 1 2 2
2 Oliver Ekman-Larsson Matt Roy 50 1 2 2
Last Minutes Offensive
Center Left Wing Right Wing Defense Defense
Auston Matthews Elias Lindholm Matt Duchene Justin Faulk Oliver Ekman-Larsson
Last Minutes Defensive
Center Left Wing Right Wing Defense Defense
Elias Lindholm Radek Faksa Jesper Fast Ben Chiarot Matt Roy
Goaltenders
Starting : Connor Ingram
Backup : Craig Anderson
Extra Forwards
Normal : Auston Matthews, Elias Lindholm, Matt Duchene - PP : Auston Matthews, Elias Lindholm - PK : Elias Lindholm
Extra Defensemen
Normal : Justin Faulk, Oliver Ekman-Larsson, Erik Gustafsson - PP : Justin Faulk - PK : Ben Chiarot, Erik Gustafsson
Penalty Shots
Auston Matthews, Matt Duchene, Marcus Johansson, Elias Lindholm, Vladimir Tarasenko
Vegas Golden Knights
5 vs 5 Forward
Center Left Wing Right Wing Time % Phy DF OF
1 Sean Monahan Chris Kreider Joe Pavelski 35 1 2 2
2 Sean Couturier Nikolaj Ehlers Jack Roslovic 30 1 2 2
3 Jordan Staal Tyler Bertuzzi Reilly Smith 25 1 2 2
4 Trevor Lewis Maxime Comtois Alex Chiasson 10 1 2 2
5 vs 5 Defense
Defense Defense Time % Phy DF OF
1 Roman Josi Shea Theodore 35 1 2 2
2 Marc Staal John Marino 30 1 2 2
3 Marc-Edouard Vlasic Travis Hamonic 25 1 2 2
4 Roman Josi Shea Theodore 10 1 2 2
PowerPlay Forward
Center Left Wing Right Wing Time % Phy DF OF
1 Joe Pavelski Chris Kreider Reilly Smith 50 1 2 2
2 Jack Roslovic Maxime Comtois Nikolaj Ehlers 50 1 2 2
PowerPlay Defense
Defense Defense Time % Phy DF OF
1 Tyler Bertuzzi Roman Josi 50 1 2 2
2 Alex Chiasson Shea Theodore 50 1 2 2
Penalty Kill 4 Players Forward
Center Wing Time % Phy DF OF
1 Sean Couturier Sean Monahan 50 1 2 2
2 Trevor Lewis Jordan Staal 50 1 2 2
Penalty Kill 4 Players Defense
Defense Defense Time % Phy DF OF
1 John Marino Travis Hamonic 50 1 2 2
2 Marc-Edouard Vlasic Marc Staal 50 1 2 2
Penalty Kill - 3 Players Forward
Forward Time % Phy DF OF
1 Sean Couturier 50 1 2 2
2 Jordan Staal 50 1 2 2
Penalty Kill - 3 Players Defense
Defense Defense Time % Phy DF OF
1 John Marino Travis Hamonic 50 1 2 2
2 Trevor Lewis Marc Staal 50 1 2 2
4 vs 4 Forward
Center Wing Time % Phy DF OF
1 Joe Pavelski Chris Kreider 50 1 2 2
2 Jack Roslovic Alex Chiasson 50 1 2 2
4 vs 4 Defense
Defense Defense Time % Phy DF OF
1 Roman Josi Shea Theodore 50 1 2 2
2 Marc-Edouard Vlasic John Marino 50 1 2 2
Last Minutes Offensive
Center Left Wing Right Wing Defense Defense
Joe Pavelski Chris Kreider Nikolaj Ehlers Roman Josi John Marino
Last Minutes Defensive
Center Left Wing Right Wing Defense Defense
Trevor Lewis Jordan Staal Sean Monahan Marc Staal Travis Hamonic
Goaltenders
Starting : Alexandar Georgiev
Backup : Philipp Grubauer
Extra Forwards
Normal : Reilly Smith, Joe Pavelski, Chris Kreider - PP : Sean Monahan, Sean Couturier - PK : Reilly Smith
Extra Defensemen
Normal : John Marino, Roman Josi, Shea Theodore - PP : Marc Staal - PK : Shea Theodore, Roman Josi
Penalty Shots
Jack Roslovic, Sean Monahan, Joe Pavelski, Chris Kreider, Maxime Comtois
% Time on Ice - Philadelphia Flyers
Lines # - Real PCT - Wanted PCT - Time Play
Normal Forward
1 - 28% - 30% - 14:57
2 - 28% - 30% - 14:34
3 - 22% - 20% - 11:46
4 - 22% - 20% - 11:23
Normal Defense
1 - 36% - 35% - 18:46
2 - 35% - 35% - 18:26
3 - 29% - 30% - 15:28
4 - 0% - 0% - 0:00
PP Forward
1 - 57% - 55% - 4:11
2 - 43% - 45% - 3:09
PP Defense
1 - 69% - 55% - 5:04
2 - 31% - 45% - 2:16
PK Forward
1 - 0% - 50%
2 - 0% - 50%
PK Defense
1 - 0% - 50%
2 - 0% - 50%
PK3 Forward
1 - 0% - 50%
2 - 0% - 50%
PK3 Defense
1 - 0% - 50%
2 - 0% - 50%
44 Forward
1 - 0% - 50%
2 - 0% - 50%
44 Defense
1 - 0% - 50%
2 - 0% - 50%
Last Minute Offensive - 0:00
Last Minute Defensive - 0:00
Total
Forward - 60:00
Defense - 60:00
|
% Time on Ice - Vegas Golden Knights
Lines # - Real PCT - Wanted PCT - Time Play
Normal Forward
1 - 33% - 35% - 17:15
2 - 28% - 30% - 14:46
3 - 23% - 25% - 12:18
4 - 16% - 10% - 8:21
Normal Defense
1 - 35% - 35% - 18:38
2 - 31% - 30% - 16:23
3 - 26% - 25% - 13:36
4 - 8% - 10% - 4:03
PP Forward
1 - 0% - 50%
2 - 0% - 50%
PP Defense
1 - 0% - 50%
2 - 0% - 50%
PK Forward
1 - 51% - 50% - 3:06
2 - 49% - 50% - 2:56
PK Defense
1 - 50% - 50% - 3:02
2 - 50% - 50% - 3:00
PK3 Forward
1 - 49% - 50% - 0:38
2 - 51% - 50% - 0:40
PK3 Defense
1 - 63% - 50% - 0:49
2 - 37% - 50% - 0:29
44 Forward
1 - 0% - 50%
2 - 0% - 50%
44 Defense
1 - 0% - 50%
2 - 0% - 50%
Last Minute Offensive - 0:00
Last Minute Defensive - 0:00
Total
Forward - 60:00
Defense - 60:00
|
Play-by-Play
1st period
0:01 of 1st period - Sean Monahan wins face-off versus Auston Matthews in neutral zone.
0:35 of 1st period - Oliver Ekman-Larsson is hit by Sean Couturier and loses puck.
0:50 of 1st period - John Marino is hit by Max Pacioretty and loses puck.
0:57 of 1st period - Wrist shot by Bryan Rust.
0:57 of 1st period - Stopped by Alexandar Georgiev with a rebound.
0:59 of 1st period - Wrist shot by Radek Faksa.
0:59 of 1st period - Shot Hit the Post.
1:01 of 1st period - Slapshot by Artem Zub.
1:01 of 1st period - Stopped by Alexandar Georgiev without a rebound.
1:02 of 1st period - Sonny Milano wins face-off versus Alex Chiasson in Vegas Golden Knights zone.
1:09 of 1st period - Wrist shot by Matthew Peca.
1:09 of 1st period - Shot Blocked by Marc-Edouard Vlasic.
1:11 of 1st period - Slapshot by Erik Gustafsson.
1:11 of 1st period - Shot Blocked by Travis Hamonic.
1:13 of 1st period - Slapshot by Erik Gustafsson.
1:13 of 1st period - Stopped by Alexandar Georgiev with a rebound.
1:15 of 1st period - Backhand shot by Jesper Fast.
1:15 of 1st period - Shot Misses the Net.
1:17 of 1st period - Slapshot by Artem Zub.
1:17 of 1st period - Stopped by Alexandar Georgiev without a rebound.
1:18 of 1st period - Auston Matthews wins face-off versus Sean Monahan in Vegas Golden Knights zone.
2:09 of 1st period - Oliver Ekman-Larsson is hit by Jordan Staal and loses puck.
3:00 of 1st period - Wrist shot by Joe Pavelski.
3:00 of 1st period - Shot Blocked by Artem Zub.
3:17 of 1st period - Snap shot by Reilly Smith.
3:17 of 1st period - Shot Misses the Net.
3:19 of 1st period - Slapshot by Marc Staal.
3:19 of 1st period - Stopped by Connor Ingram with a rebound.
3:21 of 1st period - Snap shot by Reilly Smith.
3:21 of 1st period - Stopped by Connor Ingram with a rebound.
3:54 of 1st period - Snap shot by Trevor Lewis.
3:54 of 1st period - Stopped by Connor Ingram without a rebound.
3:55 of 1st period - Trevor Lewis wins face-off versus Matthew Peca in Philadelphia Flyers zone.
4:08 of 1st period - Snap shot by Alex Chiasson.
4:08 of 1st period - Stopped by Connor Ingram with a rebound.
4:10 of 1st period - Slapshot by Travis Hamonic.
4:10 of 1st period - Shot Blocked by Matt Roy.
4:24 of 1st period - Icing by Joe Pavelski.
4:25 of 1st period - Chris Kreider wins face-off versus Radek Faksa in Vegas Golden Knights zone.
4:40 of 1st period - Slapshot by Max Pacioretty.
4:40 of 1st period - Stopped by Alexandar Georgiev with a rebound.
4:42 of 1st period - Slapshot by Justin Faulk.
4:42 of 1st period - Deflect By Max Pacioretty.
4:42 of 1st period - Stopped by Alexandar Georgiev without a rebound.
4:43 of 1st period - Elias Lindholm wins face-off versus Jordan Staal in Vegas Golden Knights zone.
4:56 of 1st period - Wrist shot by Vladimir Tarasenko.
4:56 of 1st period - Shot Misses the Net.
4:58 of 1st period - Snap shot by Oliver Ekman-Larsson.
4:58 of 1st period - Stopped by Alexandar Georgiev with a rebound.
5:08 of 1st period - Oliver Ekman-Larsson is hit by Nikolaj Ehlers and loses puck.
5:29 of 1st period - Jack Roslovic is hit by Sonny Milano and loses puck.
5:58 of 1st period - Snap shot by Bryan Rust.
5:58 of 1st period - Stopped by Alexandar Georgiev without a rebound.
5:59 of 1st period - Elias Lindholm wins face-off versus Sean Monahan in Vegas Golden Knights zone.
6:04 of 1st period - Snap shot by Vladimir Tarasenko.
6:04 of 1st period - Stopped by Alexandar Georgiev without a rebound.
6:05 of 1st period - Chris Kreider wins face-off versus Elias Lindholm in Vegas Golden Knights zone.
6:32 of 1st period - Justin Faulk is hit by Reilly Smith and loses puck.
6:55 of 1st period - Snap shot by Sean Couturier.
6:55 of 1st period - Stopped by Connor Ingram with a rebound.
7:13 of 1st period - Marc-Edouard Vlasic is hit by Matthew Peca and loses puck.
8:12 of 1st period - Travis Hamonic is hit by Radek Faksa and loses puck.
8:41 of 1st period - Marc-Edouard Vlasic is hit by Justin Faulk and loses puck.
9:20 of 1st period - Snap shot by Marcus Johansson.
9:20 of 1st period - Stopped by Alexandar Georgiev without a rebound.
9:21 of 1st period - Auston Matthews wins face-off versus Sean Couturier in Vegas Golden Knights zone.
9:26 of 1st period - Snap shot by Sean Couturier.
9:26 of 1st period - Shot Misses the Net.
9:28 of 1st period - Snap shot by Shea Theodore.
9:28 of 1st period - Stopped by Connor Ingram without a rebound.
9:29 of 1st period - Elias Lindholm wins face-off versus Sean Couturier in Philadelphia Flyers zone.
10:05 of 1st period - Wrist shot by Sean Couturier.
10:05 of 1st period - Shot Blocked by Oliver Ekman-Larsson.
10:07 of 1st period - Slapshot by Marc-Edouard Vlasic.
10:07 of 1st period - Stopped by Connor Ingram without a rebound.
10:08 of 1st period - Sean Monahan wins face-off versus Elias Lindholm in Philadelphia Flyers zone.
10:58 of 1st period - Snap shot by Auston Matthews.
10:58 of 1st period - Stopped by Alexandar Georgiev with a rebound.
11:20 of 1st period - Wrist shot by Max Pacioretty.
11:20 of 1st period - Stopped by Alexandar Georgiev with a rebound.
11:30 of 1st period - Wrist shot by Bryan Rust.
11:30 of 1st period - Stopped by Alexandar Georgiev with a rebound.
12:19 of 1st period - Slapshot by Reilly Smith.
12:19 of 1st period - Stopped by Connor Ingram without a rebound.
12:20 of 1st period - Auston Matthews wins face-off versus Sean Couturier in Philadelphia Flyers zone.
12:27 of 1st period - Wrist shot by Matt Duchene.
12:27 of 1st period - Stopped by Alexandar Georgiev without a rebound.
12:28 of 1st period - Elias Lindholm wins face-off versus Sean Couturier in Vegas Golden Knights zone.
12:58 of 1st period - Off-side.
12:59 of 1st period - Sean Monahan wins face-off versus Radek Faksa in neutral zone.
13:25 of 1st period - Matt Duchene is hit by Jordan Staal and loses puck.
13:34 of 1st period - Snap shot by Reilly Smith.
13:34 of 1st period - Shot Misses the Net.
14:08 of 1st period - Wrist shot by Matthew Peca.
14:08 of 1st period - Stopped by Alexandar Georgiev without a rebound.
14:09 of 1st period - Sean Monahan wins face-off versus Matthew Peca in Vegas Golden Knights zone.
15:12 of 1st period - Wrist shot by Matthew Peca.
15:12 of 1st period - Stopped by Alexandar Georgiev without a rebound.
15:13 of 1st period - Jordan Staal wins face-off versus Auston Matthews in Vegas Golden Knights zone.
15:32 of 1st period - Icing by Marcus Johansson.
15:33 of 1st period - Sean Couturier wins face-off versus Auston Matthews in Philadelphia Flyers zone.
15:46 of 1st period - Snap shot by Auston Matthews.
15:46 of 1st period - Shot Blocked by Marc-Edouard Vlasic.
15:48 of 1st period - Snap shot by Marcus Johansson.
15:48 of 1st period - Deflect By Auston Matthews.
15:48 of 1st period - Shot Misses the Net.
15:48 of 1st period - Puck is out of play.
15:49 of 1st period - Jordan Staal wins face-off versus Elias Lindholm in Vegas Golden Knights zone.
17:08 of 1st period - Backhand shot by Tyler Bertuzzi.
17:08 of 1st period - Stopped by Connor Ingram with a rebound.
17:10 of 1st period - Slapshot by Travis Hamonic.
17:10 of 1st period - Shot Misses the Net.
17:12 of 1st period - Slapshot by Marc-Edouard Vlasic.
17:12 of 1st period - Stopped by Connor Ingram with a rebound.
17:14 of 1st period - Snap shot by Jordan Staal.
17:14 of 1st period - Stopped by Connor Ingram without a rebound.
17:15 of 1st period - Sean Monahan wins face-off versus Elias Lindholm in Philadelphia Flyers zone.
17:26 of 1st period - Snap shot by Chris Kreider.
17:26 of 1st period - Stopped by Connor Ingram with a rebound.
17:40 of 1st period - Marcus Johansson is hit by Jordan Staal and loses puck.
17:58 of 1st period - Icing by Roman Josi.
17:59 of 1st period - Radek Faksa wins face-off versus Jordan Staal in Vegas Golden Knights zone.
18:08 of 1st period - Slapshot by Tyler Johnson.
18:08 of 1st period - Stopped by Alexandar Georgiev without a rebound.
18:09 of 1st period - Sean Monahan wins face-off versus Tyler Johnson in Vegas Golden Knights zone.
18:16 of 1st period - Wrist shot by Chris Kreider.
18:16 of 1st period - Shot Misses the Net.
19:04 of 1st period - Wrist shot by Vladimir Tarasenko.
19:04 of 1st period - Stopped by Alexandar Georgiev with a rebound.
19:08 of 1st period - Wrist shot by Elias Lindholm.
19:08 of 1st period - Stopped by Alexandar Georgiev without a rebound.
19:09 of 1st period - Sean Monahan wins face-off versus Auston Matthews in Vegas Golden Knights zone.
19:18 of 1st period - Wrist shot by Sean Monahan.
19:18 of 1st period - Goal by Sean Monahan - Philadelphia Flyers : 0 - Vegas Golden Knights : 1.
19:19 of 1st period - Auston Matthews wins face-off versus Sean Monahan in neutral zone.
19:23 of 1st period - Off-side.
19:24 of 1st period - Sean Monahan wins face-off versus Auston Matthews in neutral zone.
Goals for this period are 0 for Philadelphia Flyers vs 1 for Vegas Golden Knights.
Shots for this period are 19 for Philadelphia Flyers vs 13 for Vegas Golden Knights.
2nd period
0:01 of 2nd period - Auston Matthews wins face-off versus Sean Monahan in neutral zone.
0:03 of 2nd period - Off-side.
0:04 of 2nd period - Auston Matthews wins face-off versus Sean Monahan in neutral zone.
0:17 of 2nd period - Snap shot by Sean Monahan.
0:17 of 2nd period - Stopped by Connor Ingram with a rebound.
0:19 of 2nd period - Slapshot by Shea Theodore.
0:19 of 2nd period - Stopped by Connor Ingram with a rebound.
0:39 of 2nd period - Snap shot by Jack Roslovic.
0:39 of 2nd period - Shot Misses the Net.
0:41 of 2nd period - Snap shot by Jack Roslovic.
0:41 of 2nd period - Shot Misses the Net.
1:14 of 2nd period - Snap shot by Matthew Peca.
1:14 of 2nd period - Stopped by Alexandar Georgiev without a rebound.
1:15 of 2nd period - Trevor Lewis wins face-off versus Matthew Peca in Vegas Golden Knights zone.
1:36 of 2nd period - Snap shot by Trevor Lewis.
1:36 of 2nd period - Shot Blocked by Artem Zub.
1:38 of 2nd period - Snap shot by Marc-Edouard Vlasic.
1:38 of 2nd period - Deflect By Alex Chiasson.
1:38 of 2nd period - Shot Misses the Net.
1:38 of 2nd period - Puck is out of play.
1:39 of 2nd period - Auston Matthews wins face-off versus Sean Monahan in Philadelphia Flyers zone.
1:52 of 2nd period - Wrist shot by Auston Matthews.
1:52 of 2nd period - Deflect By Marcus Johansson.
1:52 of 2nd period - Stopped by Alexandar Georgiev without a rebound.
1:53 of 2nd period - Sean Couturier wins face-off versus Elias Lindholm in Vegas Golden Knights zone.
1:58 of 2nd period - John Marino is hit by Elias Lindholm and loses puck.
3:10 of 2nd period - Erik Gustafsson is hit by Maxime Comtois and loses puck.
3:19 of 2nd period - Wrist shot by Sonny Milano.
3:19 of 2nd period - Shot Misses the Net.
3:57 of 2nd period - Wrist shot by Jack Roslovic.
3:57 of 2nd period - Stopped by Connor Ingram without a rebound.
3:58 of 2nd period - Auston Matthews wins face-off versus Sean Monahan in Philadelphia Flyers zone.
4:08 of 2nd period - Icing by Chris Kreider.
4:09 of 2nd period - Sean Monahan wins face-off versus Radek Faksa in Vegas Golden Knights zone.
5:02 of 2nd period - Matt Duchene is hit by Roman Josi and loses puck.
5:09 of 2nd period - Wrist shot by Reilly Smith.
5:09 of 2nd period - Stopped by Connor Ingram without a rebound.
5:10 of 2nd period - Elias Lindholm wins face-off versus Sean Monahan in Philadelphia Flyers zone.
5:15 of 2nd period - Slapshot by Vladimir Tarasenko.
5:15 of 2nd period - Stopped by Alexandar Georgiev without a rebound.
5:16 of 2nd period - Elias Lindholm wins face-off versus Chris Kreider in Vegas Golden Knights zone.
5:46 of 2nd period - Off-side.
5:47 of 2nd period - Nikolaj Ehlers wins face-off versus Radek Faksa in neutral zone.
5:59 of 2nd period - Justin Faulk is hit by Marc Staal and loses puck.
6:31 of 2nd period - Off-side.
6:32 of 2nd period - Auston Matthews wins face-off versus Jordan Staal in neutral zone.
7:26 of 2nd period - Off-side.
7:27 of 2nd period - Jordan Staal wins face-off versus Auston Matthews in neutral zone.
7:30 of 2nd period - Slapshot by Tyler Bertuzzi.
7:30 of 2nd period - Shot Misses the Net.
7:32 of 2nd period - Snap shot by Jordan Staal.
7:32 of 2nd period - Goal by Jordan Staal - Philadelphia Flyers : 0 - Vegas Golden Knights : 2.
7:33 of 2nd period - Auston Matthews wins face-off versus Jordan Staal in neutral zone.
8:03 of 2nd period - Minor Penalty to Tyler Bertuzzi for Hooking.
8:04 of 2nd period - Sean Couturier wins face-off versus Auston Matthews in Vegas Golden Knights zone.
9:11 of 2nd period - Snap shot by Auston Matthews.
9:11 of 2nd period - Deflect By Jordan Staal.
9:11 of 2nd period - Stopped by Alexandar Georgiev without a rebound.
9:12 of 2nd period - Sean Couturier wins face-off versus Tyler Johnson in Vegas Golden Knights zone.
9:17 of 2nd period - Slapshot by Marcus Johansson.
9:17 of 2nd period - Shot Misses the Net.
9:19 of 2nd period - Slapshot by Matt Roy.
9:19 of 2nd period - Deflect By Sean Monahan.
9:19 of 2nd period - Stopped by Alexandar Georgiev with a rebound.
9:21 of 2nd period - Snap shot by Vladimir Tarasenko.
9:21 of 2nd period - Shot Misses the Net.
10:03 of 2nd period - Penalty to Tyler Bertuzzi is over, Tyler Bertuzzi is back on ice.
11:26 of 2nd period - Off-side.
11:27 of 2nd period - Trevor Lewis wins face-off versus Matthew Peca in neutral zone.
11:38 of 2nd period - Snap shot by Jesper Fast.
11:38 of 2nd period - Stopped by Alexandar Georgiev without a rebound.
11:39 of 2nd period - Sean Monahan wins face-off versus Elias Lindholm in Vegas Golden Knights zone.
11:50 of 2nd period - Snap shot by Joe Pavelski.
11:50 of 2nd period - Stopped by Connor Ingram with a rebound.
12:14 of 2nd period - Snap shot by Auston Matthews.
12:14 of 2nd period - Shot Misses the Net.
12:16 of 2nd period - Backhand shot by Ben Chiarot.
12:16 of 2nd period - Stopped by Alexandar Georgiev without a rebound.
12:17 of 2nd period - Jordan Staal wins face-off versus Matthew Peca in Vegas Golden Knights zone.
12:17 of 2nd period - Jordan Staal is hit by Matthew Peca.
12:25 of 2nd period - Snap shot by Jesper Fast.
12:25 of 2nd period - Stopped by Alexandar Georgiev with a rebound.
13:01 of 2nd period - Snap shot by Matthew Peca.
13:01 of 2nd period - Stopped by Alexandar Georgiev with a rebound.
13:03 of 2nd period - Backhand shot by Matthew Peca.
13:03 of 2nd period - Shot Misses the Net.
13:05 of 2nd period - Snap shot by Matthew Peca.
13:05 of 2nd period - Stopped by Alexandar Georgiev with a rebound.
13:09 of 2nd period - Wrist shot by Jesper Fast.
13:09 of 2nd period - Stopped by Alexandar Georgiev with a rebound.
13:11 of 2nd period - Snap shot by Matthew Peca.
13:11 of 2nd period - Stopped by Alexandar Georgiev without a rebound.
13:12 of 2nd period - Sean Monahan wins face-off versus Auston Matthews in Vegas Golden Knights zone.
13:19 of 2nd period - Auston Matthews is hit by Marc-Edouard Vlasic and loses puck.
13:28 of 2nd period - Wrist shot by Sean Monahan.
13:28 of 2nd period - Shot Blocked by Matt Duchene.
14:05 of 2nd period - Ben Chiarot is hit by Marc Staal and loses puck.
14:36 of 2nd period - Minor Penalty to Maxime Comtois for Roughing.
14:37 of 2nd period - Matt Duchene wins face-off versus Sean Couturier in Vegas Golden Knights zone.
16:36 of 2nd period - Penalty to Maxime Comtois is over, Maxime Comtois is back on ice.
16:46 of 2nd period - John Marino is hit by Max Pacioretty and loses puck.
17:01 of 2nd period - Slapshot by Jordan Staal.
17:01 of 2nd period - Stopped by Connor Ingram with a rebound.
17:53 of 2nd period - Snap shot by Vladimir Tarasenko.
17:53 of 2nd period - Shot Misses the Net.
18:09 of 2nd period - Wrist shot by Chris Kreider.
18:09 of 2nd period - Shot Misses the Net.
18:23 of 2nd period - Slapshot by Sean Couturier.
18:23 of 2nd period - Shot Misses the Net.
18:46 of 2nd period - Icing by Marc Staal.
18:47 of 2nd period - Auston Matthews wins face-off versus Sean Couturier in Vegas Golden Knights zone.
18:58 of 2nd period - Matt Duchene is hit by Jack Roslovic and loses puck.
19:09 of 2nd period - Wrist shot by Sean Monahan.
19:09 of 2nd period - Shot Misses the Net.
19:46 of 2nd period - John Marino is hit by Ben Chiarot.
Goals for this period are 0 for Philadelphia Flyers vs 1 for Vegas Golden Knights.
Shots for this period are 12 for Philadelphia Flyers vs 7 for Vegas Golden Knights.
3rd period
0:01 of 3rd period - Sean Monahan wins face-off versus Elias Lindholm in neutral zone.
0:06 of 3rd period - Snap shot by Chris Kreider.
0:06 of 3rd period - Shot Misses the Net.
0:28 of 3rd period - Snap shot by Chris Kreider.
0:28 of 3rd period - Shot Misses the Net.
0:30 of 3rd period - Wrist shot by Reilly Smith.
0:30 of 3rd period - Stopped by Connor Ingram with a rebound.
0:49 of 3rd period - Wrist shot by Nikolaj Ehlers.
0:49 of 3rd period - Shot Misses the Net.
0:51 of 3rd period - Snap shot by Sean Couturier.
0:51 of 3rd period - Goal by Sean Couturier - Philadelphia Flyers : 0 - Vegas Golden Knights : 3.
0:52 of 3rd period - Elias Lindholm wins face-off versus Sean Monahan in neutral zone.
1:00 of 3rd period - Chris Kreider is hit by Oliver Ekman-Larsson and loses puck.
1:05 of 3rd period - Snap shot by Tyler Johnson.
1:05 of 3rd period - Deflect By Vladimir Tarasenko.
1:05 of 3rd period - Shot Blocked by Joe Pavelski.
1:05 of 3rd period - Puck is out of play.
1:06 of 3rd period - Auston Matthews wins face-off versus Sean Monahan in Vegas Golden Knights zone.
1:07 of 3rd period - Snap shot by Matt Duchene.
1:07 of 3rd period - Stopped by Alexandar Georgiev without a rebound.
1:08 of 3rd period - Auston Matthews wins face-off versus Sean Monahan in Vegas Golden Knights zone.
1:13 of 3rd period - Snap shot by Auston Matthews.
1:13 of 3rd period - Goal by Auston Matthews - Philadelphia Flyers : 1 - Vegas Golden Knights : 3.
1:14 of 3rd period - Joe Pavelski wins face-off versus Elias Lindholm in neutral zone.
1:27 of 3rd period - Slapshot by Chris Kreider.
1:27 of 3rd period - Shot Blocked by Artem Zub.
1:41 of 3rd period - Marc-Edouard Vlasic is hit by Erik Gustafsson and loses puck.
4:04 of 3rd period - Snap shot by Sean Monahan.
4:04 of 3rd period - Deflect By Joe Pavelski.
4:04 of 3rd period - Shot Blocked by Vladimir Tarasenko.
4:04 of 3rd period - Puck is out of play.
4:05 of 3rd period - Matt Duchene wins face-off versus Jordan Staal in Philadelphia Flyers zone.
4:57 of 3rd period - Matt Roy is hit by Nikolaj Ehlers and loses puck.
5:20 of 3rd period - Slapshot by Shea Theodore.
5:20 of 3rd period - Stopped by Connor Ingram with a rebound.
5:26 of 3rd period - Trevor Lewis is hit by Bryan Rust and loses puck.
5:37 of 3rd period - Slapshot by Roman Josi.
5:37 of 3rd period - Deflect By Tyler Bertuzzi.
5:37 of 3rd period - Stopped by Connor Ingram with a rebound.
5:39 of 3rd period - Slapshot by Shea Theodore.
5:39 of 3rd period - Stopped by Connor Ingram with a rebound.
5:41 of 3rd period - Snap shot by Tyler Bertuzzi.
5:41 of 3rd period - Deflect By Marcus Johansson.
5:41 of 3rd period - Shot Misses the Net.
5:41 of 3rd period - Puck is out of play.
5:42 of 3rd period - Elias Lindholm wins face-off versus Jordan Staal in Philadelphia Flyers zone.
5:42 of 3rd period - Elias Lindholm is hit by Reilly Smith.
6:00 of 3rd period - Marc Staal is hit by Tyler Johnson and loses puck.
6:22 of 3rd period - Icing by Marc Staal.
6:23 of 3rd period - Sean Monahan wins face-off versus Matthew Peca in Vegas Golden Knights zone.
6:34 of 3rd period - Wrist shot by Sean Monahan.
6:34 of 3rd period - Stopped by Connor Ingram with a rebound.
6:36 of 3rd period - Wrist shot by Marc Staal.
6:36 of 3rd period - Shot Blocked by Matt Roy.
6:38 of 3rd period - Slapshot by John Marino.
6:38 of 3rd period - Stopped by Connor Ingram with a rebound.
6:40 of 3rd period - Slapshot by Chris Kreider.
6:40 of 3rd period - Shot Misses the Net.
6:42 of 3rd period - Slapshot by Sean Monahan.
6:42 of 3rd period - Stopped by Connor Ingram with a rebound.
6:44 of 3rd period - Wrist shot by Sean Monahan.
6:44 of 3rd period - Shot Misses the Net.
6:46 of 3rd period - Snap shot by Joe Pavelski.
6:46 of 3rd period - Shot Misses the Net.
6:48 of 3rd period - Slapshot by Chris Kreider.
6:48 of 3rd period - Goal by Chris Kreider - Philadelphia Flyers : 1 - Vegas Golden Knights : 4.
6:49 of 3rd period - Auston Matthews wins face-off versus Sean Monahan in neutral zone.
6:54 of 3rd period - Snap shot by Marcus Johansson.
6:54 of 3rd period - Deflect By Auston Matthews.
6:54 of 3rd period - Shot Blocked by Travis Hamonic.
6:54 of 3rd period - Puck is out of play.
6:55 of 3rd period - Auston Matthews wins face-off versus Sean Monahan in Vegas Golden Knights zone.
7:07 of 3rd period - Icing by Travis Hamonic.
7:08 of 3rd period - Sean Monahan wins face-off versus Tyler Johnson in Vegas Golden Knights zone.
8:39 of 3rd period - Icing by Max Pacioretty.
8:40 of 3rd period - Sean Monahan wins face-off versus Radek Faksa in Philadelphia Flyers zone.
8:43 of 3rd period - Snap shot by Chris Kreider.
8:43 of 3rd period - Stopped by Connor Ingram without a rebound.
8:44 of 3rd period - Elias Lindholm wins face-off versus Sean Monahan in Philadelphia Flyers zone.
8:53 of 3rd period - Joe Pavelski is hit by Artem Zub and loses puck.
9:40 of 3rd period - Slapshot by Jesper Fast.
9:40 of 3rd period - Shot Blocked by Tyler Bertuzzi.
11:10 of 3rd period - Icing by Reilly Smith.
11:11 of 3rd period - Trevor Lewis wins face-off versus Radek Faksa in Vegas Golden Knights zone.
11:36 of 3rd period - Matt Roy is hit by Sean Monahan and loses puck.
11:55 of 3rd period - Marcus Johansson is hit by Jack Roslovic and loses puck.
12:37 of 3rd period - Snap shot by Trevor Lewis.
12:37 of 3rd period - Deflect By Maxime Comtois.
12:37 of 3rd period - Shot Misses the Net.
12:37 of 3rd period - Puck is out of play.
12:38 of 3rd period - Trevor Lewis wins face-off versus Radek Faksa in Philadelphia Flyers zone.
12:52 of 3rd period - Minor Penalty to Alex Chiasson for Hooking.
12:53 of 3rd period - Auston Matthews wins face-off versus Sean Couturier in Vegas Golden Knights zone.
13:02 of 3rd period - Wrist shot by Auston Matthews.
13:02 of 3rd period - Shot Misses the Net.
13:10 of 3rd period - Snap shot by Elias Lindholm.
13:10 of 3rd period - Stopped by Alexandar Georgiev without a rebound.
13:11 of 3rd period - Tyler Johnson wins face-off versus Trevor Lewis in Vegas Golden Knights zone.
13:33 of 3rd period - Minor Penalty to Travis Hamonic for Hooking.
13:34 of 3rd period - Sean Couturier wins face-off versus Auston Matthews in Vegas Golden Knights zone.
14:52 of 3rd period - Penalty to Alex Chiasson is over, Alex Chiasson is back on ice.
15:33 of 3rd period - Penalty to Travis Hamonic is over, Travis Hamonic is back on ice.
15:39 of 3rd period - Trevor Lewis is hit by Vladimir Tarasenko and loses puck.
15:54 of 3rd period - Wrist shot by Sean Monahan.
15:54 of 3rd period - Stopped by Connor Ingram without a rebound.
15:55 of 3rd period - Sean Monahan wins face-off versus Matthew Peca in Philadelphia Flyers zone.
15:56 of 3rd period - Slapshot by Joe Pavelski.
15:56 of 3rd period - Stopped by Connor Ingram with a rebound.
15:58 of 3rd period - Snap shot by Chris Kreider.
15:58 of 3rd period - Stopped by Connor Ingram without a rebound.
15:59 of 3rd period - Sean Monahan wins face-off versus Matthew Peca in Philadelphia Flyers zone.
16:08 of 3rd period - Snap shot by Chris Kreider.
16:08 of 3rd period - Shot Misses the Net.
16:10 of 3rd period - Snap shot by Joe Pavelski.
16:10 of 3rd period - Shot Blocked by Artem Zub.
16:12 of 3rd period - Slapshot by Marc-Edouard Vlasic.
16:12 of 3rd period - Shot Misses the Net.
16:26 of 3rd period - Snap shot by Max Pacioretty.
16:26 of 3rd period - Stopped by Alexandar Georgiev with a rebound.
16:28 of 3rd period - Slapshot by Erik Gustafsson.
16:28 of 3rd period - Shot Misses the Net.
16:30 of 3rd period - Snap shot by Radek Faksa.
16:30 of 3rd period - Stopped by Alexandar Georgiev without a rebound.
16:31 of 3rd period - Radek Faksa wins face-off versus Sean Couturier in Vegas Golden Knights zone.
17:04 of 3rd period - Snap shot by Tyler Bertuzzi.
17:04 of 3rd period - Deflect By Reilly Smith.
17:04 of 3rd period - Shot Blocked by Justin Faulk.
17:04 of 3rd period - Puck is out of play.
17:05 of 3rd period - Jordan Staal wins face-off versus Elias Lindholm in Philadelphia Flyers zone.
17:08 of 3rd period - Snap shot by Tyler Bertuzzi.
17:08 of 3rd period - Stopped by Connor Ingram with a rebound.
17:10 of 3rd period - Backhand shot by Jordan Staal.
17:10 of 3rd period - Shot Blocked by Oliver Ekman-Larsson.
17:12 of 3rd period - Slapshot by John Marino.
17:12 of 3rd period - Shot Misses the Net.
17:14 of 3rd period - Wrist shot by Tyler Bertuzzi.
17:14 of 3rd period - Shot Blocked by Matt Roy.
17:16 of 3rd period - Snap shot by Reilly Smith.
17:16 of 3rd period - Shot Blocked by Matt Roy.
17:18 of 3rd period - Wrist shot by Tyler Bertuzzi.
17:18 of 3rd period - Stopped by Connor Ingram with a rebound.
17:20 of 3rd period - Slapshot by Jordan Staal.
17:20 of 3rd period - Stopped by Connor Ingram with a rebound.
17:30 of 3rd period - Marc Staal is hit by Auston Matthews.
17:45 of 3rd period - Marc Staal is hit by Matt Duchene and loses puck.
17:53 of 3rd period - Icing by Marc Staal.
17:54 of 3rd period - Matthew Peca wins face-off versus Sean Couturier in Vegas Golden Knights zone.
18:23 of 3rd period - Wrist shot by Reilly Smith.
18:23 of 3rd period - Stopped by Connor Ingram with a rebound.
18:39 of 3rd period - Wrist shot by Shea Theodore.
18:39 of 3rd period - Deflect By Matt Duchene.
18:39 of 3rd period - Stopped by Connor Ingram with a rebound.
19:10 of 3rd period - Snap shot by Matt Roy.
19:10 of 3rd period - Deflect By Bryan Rust.
19:10 of 3rd period - Shot Blocked by Sean Monahan.
19:10 of 3rd period - Puck is out of play.
19:11 of 3rd period - Elias Lindholm wins face-off versus Sean Monahan in Vegas Golden Knights zone.
19:17 of 3rd period - Minor Penalty to Travis Hamonic for Holding.
19:18 of 3rd period - Trevor Lewis wins face-off versus Auston Matthews in Vegas Golden Knights zone.
Goals for this period are 1 for Philadelphia Flyers vs 2 for Vegas Golden Knights.
Shots for this period are 5 for Philadelphia Flyers vs 18 for Vegas Golden Knights.
Back to the Top